 Dungeon Crawl Stone Soup version 0.30-a0-52-g86a8295270 (webtiles) character file.

Game seed: 981952961529736766

1672 porpoise the Ruffian (level 8, 0/106 HPs)
             Began as a Demonspawn Gladiator on Sept 7, 2022.
             Succumbed to a hornet's poison
             ... on level 7 of the Dungeon.
             The game lasted 00:19:59 (7137 turns).

porpoise the Ruffian (Demonspawn Gladiator)         Turns: 7137, Time: 00:20:00

Health: 0/106      AC: 23    Str: 24    XL:     8   Next: 70%
Magic:  8/8        EV: 11    Int:  9    God:
Gold:   1328       SH:  0    Dex: 14    Spells: 7/7 levels left

rFire   . . .      SeeInvis .    q - +5 halberd (protect)
rCold   . . .      Faith    .    (shield currently unavailable)
rNeg    . . .      Spirit   .    M - +0 ring mail
rPois   .          Reflect  .    c - +0 helmet
rElec   .          Harm     .    n - +0 cloak
rCorr   +          Rampage  .    (no gloves)
Will    .....                    (no boots)
Stlth   ..........               (no amulet)
HPRegen 0.27/turn                i - ring of resist corrosion
MPRegen 0.11/turn                p - +6 ring of strength

@: berserking, lethally poisoned (0 -> -13), sanguine armoured, under a
protective aura, slowed
A: claws 1, demonic guardian 1, spiny 1, sanguine armour 2, mutation resistance
1, sense surroundings 1, robust 1
a: no special abilities


You were on level 7 of the Dungeon.
You visited 1 branch of the dungeon, and saw 7 of its levels.
You also visited: Sewer.

You collected 1328 gold pieces.

Inventory:

Hand Weapons
 a - a +1 trident
 b - a +0 sling
 q - a +5 halberd of protection (weapon)
Missiles
 d - 3 throwing nets (quivered)
 e - a javelin
 j - 6 boomerangs
 x - 2 datura-tipped darts
 y - 12 poisoned darts
 z - 7 curare-tipped darts
Armour
 c - a +0 helmet (worn)
 n - a +0 cloak (worn)
 M - a +0 ring mail (worn)
Magical Staves
 I - a staff of death
Jewellery
 g - a ring of magical power
 i - a ring of resist corrosion (left claw)
 k - a ring of fire
 p - a +6 ring of strength (right claw)
 E - a +6 ring of dexterity
 G - a +4 ring of protection
Wands
 F - a wand of flame (18)
Scrolls
 f - 4 scrolls of immolation
 m - 3 scrolls of enchant armour
 o - 2 scrolls of vulnerability
 u - 4 scrolls of enchant weapon
 w - a scroll of noise {unknown}
 B - a scroll of fog {unknown}
 C - a scroll of fear {unknown}
 D - a scroll of brand weapon {unknown}
 J - a scroll of blinking {unknown}
 L - a scroll of poison {unknown}
Potions
 h - a potion of berserk rage
 l - 3 potions of lignification
 r - a potion of flight
 s - 2 potions of attraction
 t - a potion of might
 v - a potion of haste
 A - a potion of invisibility
 H - a potion of resistance


   Skills:
 + Level 6.8 Fighting
 - Level 3.3 Polearms
 - Level 1.7 Throwing
 - Level 2.6 Dodging
 * Level 7.9 Unarmed Combat


You had 7 spell levels left.
You didn't know any spells.
Your spell library contained the following spells:

 Spells                   Type           Power      Damage    Failure   Level
 Confusing Touch          Hex            0%         N/A       88%         3
 Yara's Violent Unravell  Hex/Tmut       0%         3d3       100%        5
 Enfeeble                 Hex            0%         N/A       100%        7
 Borgnjor's Revivificati  Necr           0%         N/A       100%        8
 Necromutation            Tmut/Necr      0%         N/A       100%        8
 Death's Door             Necr           0%         N/A       100%        9


Dungeon Overview and Level Annotations

Branches:
Dungeon (7/15)              Sewer (visited)
 Temple: D:4-7

Altars:
Fedhas
Xom

Shops:
D:2 (

Annotations:
D:6 1 runed translucent door, Jeffwins's ghost, novice HuWn


Innate Abilities, Weirdness & Mutations

You have sharp fingernails.
A weak demonic guardian rushes to your aid.
You are partially covered in sharp spines.
When seriously injured, your blood forms thick armour. (AC +9)
You are somewhat resistant to further mutation.
You passively map a small area around you.
You are robust. (+10% HP)


Message History

You feel as though you will be slow longer.
The hornet stings you!
Your blood congeals into armour.
You are more poisoned.
You feel as though you will be slow longer.
You miss the hornet.
You feel extremely sick.
The hornet stings you but does no damage.
The hornet barely misses you. The hornet stings you!
You are lethally poisoned!
You suddenly lose the ability to move!
You can move again.
You closely miss the hornet.
* * * LOW HITPOINT WARNING * * *
You feel extremely sick.
The hornet stings you but does no damage. x3
Unknown command.
It was a potion of mutation.
You feel extremely strange.
You feel genetically stable.
You feel a strange attunement to the structure of the dungeons.
You feel robust.
* * * LOW HITPOINT WARNING * * *
You feel very sick. The hornet stings you.
* * * LOW HITPOINT WARNING * * *
A demonic guardian appears!
You are more poisoned.
You feel as though you will be slow longer.
The hornet closely misses you.
A red film seems to cover your vision as you go berserk!
You feel yourself moving faster!
You feel mighty!
* * * LOW HITPOINT WARNING * * *
You feel very sick. The hornet is struck by your spines.
The hornet barely misses you.
The hornet stings you but does no damage.
Your quasit misses the hornet.
Your quasit barely misses the hornet.
Your quasit misses the hornet. You slice the hornet!!
Your weapon exudes an aura of protection.
The hornet is almost dead.
You die...

* , , , * ### ,,*,
##..## ,,,
####.....## * , ,,*
#.........# *
###........ # *
#.....).# ##.
####.)###..
*#..#####y@.........
, ,
.........5.........
,
##.#.....#.#..#.#..
, , ##....#...## ...
##.....##..#.#.. ,
#.......#.#.##.. * *
#......)........ *
#......†<.#.### , *
##.............. ,


You could see a hornet (ally target) and a friendly quasit (summoned).

Vanquished Creatures
  Sigmund (D:4)
  3 water moccasins
  2 ogres
  A bullfrog (D:7)
  A kobold brigand (Sewer)
  2 necrophages (D:5)
  Crazy Yiuf (D:4)
  7 hounds
  2 iguanas
  6 orc wizards
  11 adders
  4 gnolls
  6 river rats
  A shadow imp (D:6)
  A white imp (D:6)
  An ufetubus (D:5)
  2 dart slugs (D:3)
  11 orcs (D:6)
  8 endoplasms
  4 giant cockroaches
  10 goblins
  5 hobgoblins
  7 jackals
  10 kobolds
  6 quokkas
  12 ball pythons
  8 bats
  9 frilled lizards
  9 rats
151 creatures vanquished.

Vanquished Creatures (others)
  16 plants (Sewer)
16 creatures vanquished.

Grand Total: 167 creatures vanquished

Notes
Turn   | Place    | Note
-------+----------+-------------------------------------------
     0 | D:1      | porpoise the Demonspawn Gladiator began the quest for the
                  | Orb.
     0 | D:1      | Reached XP level 1. HP: 16/16 MP: 1/1
   146 | D:1      | Gained mutation: When seriously injured, your blood forms
                  | armour. (AC +9) [demonic ancestry]
   146 | D:1      | Reached XP level 2. HP: 23/23 MP: 2/2
   236 | D:1      | Noticed a shining eye
   241 | D:1      | Found a faded altar of an unknown god.
   243 | D:1      | Noticed a shining eye
   243 | D:1      | Noticed a shining eye
   243 | D:1      | Noticed a great orb of eyes
   719 | D:1      | Gained mutation: You have sharp fingernails. [demonic
                  | ancestry]
   719 | D:1      | Reached XP level 3. HP: 23/28 MP: 3/3
  1134 | D:2      | Reached skill level 1 in Unarmed Combat
  1149 | D:2      | Found Wuix's Weapon Emporium.
  1298 | D:2      | Gained mutation: You are partially covered in sharp spines.
                  | [demonic ancestry]
  1298 | D:2      | Reached XP level 4. HP: 33/35 MP: 4/4
  1658 | D:3      | Identified a scroll of acquirement
  1658 | D:3      | Acquired 991 gold pieces
  1735 | D:3      | Reached skill level 2 in Unarmed Combat
  1738 | D:3      | Found a blossoming altar of Fedhas.
  2206 | D:3      | Found a glowing drain.
  2211 | D:3      | Gained mutation: A weak demonic guardian rushes to your
                  | aid. [demonic ancestry]
  2211 | D:3      | Reached XP level 5. HP: 29/41 MP: 5/5
  2215 | Sewer    | Entered a sewer
  2423 | Sewer    | Reached skill level 3 in Unarmed Combat
  2984 | Sewer    | Reached XP level 6. HP: 48/48 MP: 6/6
  3441 | D:4      | Noticed Sigmund
  3592 | D:4      | Reached skill level 4 in Unarmed Combat
  3628 | D:4      | Found a runed translucent door.
  3629 | D:4      | Noticed Crazy Yiuf
  4149 | D:4      | Killed Sigmund
  4150 | D:4      | Reached skill level 5 in Unarmed Combat
  4150 | D:4      | Gained mutation: When seriously injured, your blood forms
                  | thick armour. (AC +9) [demonic ancestry]
  4150 | D:4      | Reached XP level 7. HP: 29/55 MP: 7/7
  4537 | D:4      | HP: 2/55 [Crazy Yiuf/+4 quarterstaff of chaos (7)]
  4541 | D:4      | Killed Crazy Yiuf
  4542 | D:4      | Reached skill level 5 in Fighting
  4825 | D:5      | Entered Level 5 of the Dungeon
  5270 | D:5      | Reached skill level 6 in Unarmed Combat
  5437 | D:5      | Reached XP level 8. HP: 44/64 MP: 8/8
  5965 | D:6      | Reached skill level 7 in Unarmed Combat
  6351 | D:6      | Found a runed translucent door.
  6351 | D:6      | Found a shimmering altar of Xom.
  6351 | D:6      | Noticed Jeffwins's ghost (novice HuWn)
  6351 | D:6      | Noticed a +0 short sword of chaos
  7128 | D:7      | Noticed a hornet
  7133 | D:7      | Paralysed by a hornet for 1 turns
  7135 | D:7      | Gained mutation: You are somewhat resistant to further
                  | mutation. [potion of mutation]
  7135 | D:7      | Gained mutation: You passively map a small area around you.
                  | [potion of mutation]
  7135 | D:7      | Gained mutation: You are robust. (+10% HP) [potion of
                  | mutation]
  7136 | D:7      | HP: 3/106 [poisoned by a hornet]
  7137 | D:7      | Succumbed to a hornet's poison

Illustrated notes

Levels and vault maps discovered:
D:1:      spicycebolla_arrival_xxxplode, layout_loops_cross,
          hellmonk_ecumenical_altar_watching_god
D:2:      layout_loops_cross, serial_shops, shop
D:3:      layout_rooms, nicolae_overflow_squiral, gup_sewer_entry_bubbles
D:4:      layout_cave_pods, uniq_crazy_yiuf_cottage, uniq_sigmund
D:5:      layout_loops_cross
D:6:      layout_loops_corners, ebering_ghost_xom, nrook_loot_triangle
D:7:      minmay_flawed_box, layout_loops_ring, minmay_temple_entry_poolview,
          minmay_holes, minmay_misc_feat_columns, minmay_starry_boxes,
          uniq_maggie, uniq_menkaure

Skill      XL: |  1  2  3  4  5  6  7  8 |
---------------+-------------------------+-----
Polearms       | 3 |  3.3
Fighting       | 3 4 5 6 |  6.8
Unarmed Combat | 1 2 3 5 6 7 |  7.9
Throwing       | |  1.7
Dodging        | |  2.6

Action                   |  1- 3 |  4- 6 |  7- 9 || total
-------------------------+-------+-------+-------++-------
Melee: Trident           |   123 |   204 |   107 ||   434
       Punch             |       |     2 |     3 ||     5
       Halberd           |       |       |    17 ||    17
 Fire: Sling             |     1 |       |       ||     1
  Use: Scroll            |       |    12 |     2 ||    14
       Potion            |       |       |     3 ||     3
 Stab: Sleeping          |     3 |       |     1 ||     4
Armor: Leather armour    |    38 |    39 |    26 ||   103
       Ring mail         |       |       |    10 ||    10
Dodge: Dodged            |    67 |    87 |    41 ||   195

Table legend: (Time is in decaauts)
 A = Elapsed time spent in this place.
 B = Non-inter-level travel time spent in this place.
 C = Inter-level travel time spent in this place.
 D = Time resting spent in this place.
 E = Time spent auto-exploring this place.
 F = Levels seen in this place.
 G = Mean time per level.
                   A        B        C        D        E       F      G
               +--------+--------+--------+--------+--------+-----+--------+
         Total |   7360 |   7053 |    307 |   1397 |   4313 |   8 |  920.0 |
       Dungeon |   6050 |   5743 |    307 |   1112 |   3575 |   7 |  864.3 |
         Sewer |   1309 |   1309 |      0 |    285 |    738 |   1 | 1309.0 |
               +--------+--------+--------+--------+--------+-----+--------+

Top non-repeatable levels by time:
     D:6: 1418 daAuts
   Sewer: 1309 daAuts
     D:4: 1286 daAuts
     D:1: 892 daAuts
     D:5: 817 daAuts
     D:3: 773 daAuts
     D:2: 765 daAuts
     D:7: 95 daAuts
